 Dungeon Crawl Stone Soup version 0.29.0-11-gd7f09526c8 (webtiles) character file.

Game seed: 1149688369126780750

179 sasquatch the Cudgeller (level 5, -5/42 HPs)
             Began as a Minotaur Gladiator on Sept 2, 2022.
             Slain by an orc warrior
             ... wielding a +0 long sword
              (9 damage)
             ... on level 4 of the Dungeon.
             The game lasted 00:08:14 (3914 turns).

sasquatch the Cudgeller (Minotaur Gladiator)        Turns: 3914, Time: 00:08:15

Health: -5/42      AC:  8    Str: 21    XL:     5   Next: 32%
Magic:  0/4        EV: 11    Int:  5    God:
Gold:   226        SH:  0    Dex: 11    Spells: 4/4 levels left

rFire   . . .      SeeInvis .   a - +0 flail
rCold   . . .      Faith    .   (no shield)
rNeg    + . .      Spirit   +   z - +1 ring mail {rN+}
rPois   .          Reflect  .   c - +0 hat
rElec   .          Harm     .   (no cloak)
rCorr   .          Rampage  .   L - +0 pair of gloves {hurl}
Will    .....                   D - +0 pair of boots
Stlth   +.........              I - amulet of guardian spirit
HPRegen 0.14/turn               (no ring)
MPRegen 0.09/turn               (no ring)

@: no status effects
A: horns 2, retaliatory headbutt
a: no special abilities


You were on level 4 of the Dungeon.
You visited 1 branch of the dungeon, and saw 5 of its levels.

You collected 226 gold pieces.

Inventory:

Hand Weapons
 a - a +0 flail (weapon)
 n - a +2 dagger of speed
 p - a +2 sling of flaming
Missiles
 d - 3 throwing nets
 e - a javelin
 h - 5 boomerangs
 q - 54 stones
 s - 10 poisoned darts (quivered)
Armour
 c - a +0 hat (worn)
 w - a scarf of shadows
 x - a +0 plate armour
 z - a +1 ring mail of positive energy (worn)
 D - a +0 pair of boots (worn)
 L - a +0 pair of gloves of hurling (worn)
Jewellery
 I - an amulet of guardian spirit (around neck)
 J - a ring of magical power
Scrolls
 f - 4 scrolls of identify {unknown}
 j - a scroll of amnesia {unknown}
 k - a scroll of fear {unknown}
 t - a scroll of immolation {unknown}
 u - 2 scrolls of teleportation {unknown}
 v - 4 scrolls of blinking {unknown}
 A - a scroll of torment {unknown}
 B - a scroll of silence {unknown}
 C - a scroll of poison {unknown}
 E - 2 scrolls of noise {unknown}
Potions
 b - a potion of might {unknown}
 g - a potion of cancellation {unknown}
 i - 3 potions of curing {unknown}
 l - 2 potions of flight {unknown}
 m - 2 potions of attraction {unknown}
 o - a potion of berserk rage {unknown}
 r - a potion of haste {unknown}
 F - 2 potions of heal wounds {unknown}
 G - 2 potions of magic
 H - a potion of brilliance {unknown}
 K - a potion of ambrosia {unknown}


   Skills:
 - Level 2.4 Fighting
 + Level 7.3 Maces & Flails
 - Level 2.0 Throwing
 - Level 3.2 Dodging


You had 4 spell levels left.
You didn't know any spells.
Your spell library contained the following spells:

 Spells                   Type           Power      Damage    Failure   Level
 Magic Dart               Conj           0%         1d3       65%         1
 Call Imp                 Summ           0%         N/A       80%         2
 Mephitic Cloud           Conj/Pois/Air  0%         N/A       95%         3
 Ozocubu's Armour         Ice            0%         N/A       95%         3
 Metabolic Englaciation   Hex/Ice        0%         N/A       100%        5
 Simulacrum               Ice/Necr       0%         N/A       100%        6


Dungeon Overview and Level Annotations

Branches:
Dungeon (5/15)             Temple (0/1) D:5

Altars:


Innate Abilities, Weirdness & Mutations

You have a pair of horns on your head.
You reflexively headbutt those who attack you in melee.


Message History

Throw: 15 darts (poison)
Press: ? - help, Q - select action, (/) - cycle Shift-Dir - straight line, f - orc warrior
Aim: an orc warrior, wielding a +0 long sword and wearing a +0 chain mail (lightly wounded, 60% to hit)
You throw a poisoned dart.
The poisoned dart barely misses the orc warrior.
The orc warrior hits you with a +0 long sword!
Throw: 14 darts (poison)
Press: ? - help, Q - select action, (/) - cycle Shift-Dir - straight line, f/p - orc warrior
Aim: an orc warrior, wielding a +0 long sword and wearing a +0 chain mail (lightly wounded, 60% to hit)
You throw a poisoned dart.
The poisoned dart barely misses the orc warrior.
The orc warrior hits you with a +0 long sword!
Throw: 13 darts (poison)
Press: ? - help, Q - select action, (/) - cycle Shift-Dir - straight line, f/p - orc warrior
Aim: an orc warrior, wielding a +0 long sword and wearing a +0 chain mail (lightly wounded, 60% to hit)
You throw a poisoned dart.
The poisoned dart closely misses the orc warrior.
The orc warrior hits you with a +0 long sword!
Throw: 12 darts (poison)
Press: ? - help, Q - select action, (/) - cycle Shift-Dir - straight line, f/p - orc warrior
Aim: an orc warrior, wielding a +0 long sword and wearing a +0 chain mail (lightly wounded, 60% to hit)
You throw a poisoned dart.
The poisoned dart barely misses the orc warrior.
The orc warrior hits you with a +0 long sword.
Throw: 11 darts (poison)
Press: ? - help, Q - select action, (/) - cycle Shift-Dir - straight line, f/p - orc warrior
Aim: an orc warrior, wielding a +0 long sword and wearing a +0 chain mail (lightly wounded, 60% to hit)
You throw a poisoned dart. The poisoned dart hits the orc warrior.
The orc warrior is poisoned.
The orc warrior is lightly wounded.
The orc warrior hits you with a +0 long sword.
The orc warrior attacks as you move away!
The orc warrior hits you with a +0 long sword.
The orc warrior attacks as you move away!
The orc warrior hits you with a +0 long sword!
* * * LOW HITPOINT WARNING * * *
It was a potion of magic.
Magic courses through your body.
The orc warrior looks more healthy.
The orc warrior hits you with a +0 long sword!
You die...

##.# #####.## ##..##.#
##...##.# #....#..# #####
#......## ##...## #....#.#
### ##.....#####.....#
####.# #............@o..#
###...##
#.......########.####.....#
##........##
##.........####
#..........##
##>...........
#...........# #()..........
#...........##
##.....#####.
#............# #.##.## #..
#............## #..### ##..
#.............# ##.# #...


You could see an orc warrior.

Vanquished Creatures
  A hound (D:4)
  An orc wizard (D:3)
  4 adders
  A worm (D:5)
  2 dart slugs
  3 orcs
  5 ball pythons
  5 endoplasms
  3 giant cockroaches
  7 goblins
  6 hobgoblins
  5 jackals (D:4)
  4 quokkas
  7 bats
  5 frilled lizards
  6 kobolds
  9 rats
74 creatures vanquished.

Notes
Turn   | Place    | Note
-------+----------+-------------------------------------------
     0 | D:1      | sasquatch the Minotaur Gladiator began the quest for the
                  | Orb.
     0 | D:1      | Reached XP level 1. HP: 18/18 MP: 0/0
   175 | D:1      | Reached skill level 4 in Maces & Flails
   287 | D:1      | Reached XP level 2. HP: 19/25 MP: 1/1
  1218 | D:2      | Reached skill level 5 in Maces & Flails
  1270 | D:2      | Reached XP level 3. HP: 29/30 MP: 2/2
  1794 | D:2      | Found a faded altar of an unknown god.
  2375 | D:3      | Reached skill level 6 in Maces & Flails
  2375 | D:3      | Reached XP level 4. HP: 31/37 MP: 3/3
  3112 | D:4      | Reached skill level 7 in Maces & Flails
  3112 | D:4      | Reached XP level 5. HP: 39/42 MP: 4/4
  3731 | D:5      | Entered Level 5 of the Dungeon
  3881 | D:5      | Found a staircase to the Ecumenical Temple.
  3882 | D:5      | Noticed an orc warrior
  3914 | D:4      | Slain by an orc warrior

Illustrated notes

Levels and vault maps discovered:
D:1:      minmay_arrival_solitary_statue, layout_basic
D:2:      layout_loops_cross, basic_ecumenical_altar, roderic_lattice_a
D:3:      layout_basic
D:4:      layout_cave_pods, grunt_ministairs_7
D:5:      layout_rooms, mainiacjoe_overflow_catwalk_spiral, temple_fountains,
          nrook_campfire, dilly_guarded_unrand_throatcut

Skill      XL: |  1  2  3  4 |
---------------+-------------+-----
Maces & Flails | 4 5 6 7 |  7.3
Fighting       | |  2.4
Throwing       | |  2.0
Dodging        | |  3.2

Action                   |  1- 3 |  4- 6 || total
-------------------------+-------+-------++-------
Melee: Flail             |    91 |    56 ||   147
       Headbutt          |    14 |     4 ||    18
       Punch             |     1 |     1 ||     2
Throw: Dart              |     3 |     9 ||    12
  Use: Potion            |       |     1 ||     1
Armor: Leather armour    |    11 |       ||    11
       Ring mail         |    23 |    12 ||    35
Dodge: Dodged            |    73 |    27 ||   100
